 Dungeon Crawl Stone Soup version 0.25-a0-435-g4b9beb1024 (webtiles) character file.

Game seed: 2630392112256651265, levelgen mode: deterministic

754 Eurus the Magician (level 7, -2/52 HPs)
             Began as a Mummy Conjurer on Jan 26, 2020.
             Was an Initiate of Ashenzari.
             Slain by a sky beast (6 damage)
             ... on level 5 of the Dungeon.
             The game lasted 00:16:32 (7082 turns).

Eurus the Magician (Mummy Conjurer)                 Turns: 7082, Time: 00:16:33

Health: -2/52      AC:  3    Str: 11    XL:     7   Next: 49%
Magic:  7/16       EV: 13    Int: 16    God:    Ashenzari [......]
Gold:   192        SH:  0    Dex: 13    Spells: 15/18 levels left

rFire    x . .     SeeInvis .   j - +1 short sword (venom)
rCold    + . .     Gourm    .   (no shield)
rNeg     + + +     Faith    .   a - +0 robe
rPois    ∞         Spirit   .   i - +0 helmet
rElec    .         Reflect  .   (no cloak)
rCorr    .         Harm     .   (no gloves)
MR       .....                  (no boots)
Stlth    ++........             (no amulet)
HPRegen  0.17/turn              (no ring)
MPRegen  0.15/turn              (no ring)

@: no status effects
A: no food or potions, fire vulnerability, cold resistance 1, negative energy
resistance 3, torment resistance, unbreathing
a: Curse Item, Renounce Religion


You were on level 5 of the Dungeon.
You worshipped Ashenzari.
Ashenzari was noncommittal.
You were not hungry.

You visited 2 branches of the dungeon, and saw 6 of its levels.

You collected 192 gold pieces.

Inventory:

Hand Weapons
 j - a +1 short sword of venom (weapon)
 m - a +0 quarterstaff
Armour
 a - a +0 robe (worn)
 i - a +0 helmet (worn)
Jewellery
 h - a cursed ring of attention
 k - a +4 ring of dexterity
Wands
 l - a wand of iceblast (11)
Scrolls
 b - 5 scrolls of amnesia {unknown}
 c - 2 scrolls of immolation {unknown}
 d - 5 scrolls of identify {unknown}
 e - a scroll of blinking {unknown}
 f - a scroll of random uselessness {unknown}
 g - 2 scrolls of teleportation {unknown}


   Skills:
 + Level 3.1 Fighting
 + Level 1.0 Staves
 - Level 3.1 Dodging
 - Level 1.5 Stealth
 + Level 6.2 Spellcasting
 + Level 5.1 Conjurations


You had 15 spell levels left.
You knew the following spells:

 Your Spells              Type           Power        Failure   Level  Hunger
a - Magic Dart            Conj           ###.         1%          1    N/A
b - Searing Ray           Conj           ###...       2%          2    N/A

Your spell library contained the following spells:

 Spells                   Type           Power        Failure   Level  Hunger
 Dazzling Flash           Conj/Hex       ##....       14%         3    N/A
 Fulminant Prism          Conj/Hex       ##........   43%         4    N/A
 Iskenderun's Mystic Bla  Conj/Tloc      ##......     43%         4    N/A

Dungeon Overview and Level Annotations

Branches:
Dungeon (5/15)             Temple (1/1) D:5

Altars:
Ashenzari
Cheibriados
Dithmenos
Elyvilon
Fedhas
Gozag
Hepliaklqana
Kikubaaqudgha
Makhleb
Okawaru
Ru
Trog
Uskayaw
Vehumet
Xom
Yredelemnul
Zin
The Shining One

Annotations:
D:5 exclusion: sky beast


Innate Abilities, Weirdness & Mutations

You do not eat or drink.
Your flesh is vulnerable to fire.
You are immune to poison.
Your flesh is cold resistant. (rC+)
You are immune to negative energy. (rN+++)
You are immune to unholy pain and torment.
You can survive without breathing.


Message History

Casting: Searing Ray (safe; 2% risk of failure)
Confirm with . or Enter, or press ? or * to list all spells.
Aiming: Searing Ray (safe; 2% risk of failure)
Press: ? - help, Shift-Dir - straight line (Press . to maintain the ray.)
The adder skeleton closely misses you. Something hits you.
Something shocks you. The adder skeleton barely misses you.
The adder skeleton closely misses you. Something hits you.
Something shocks you.
The searing ray hits something.
The adder skeleton barely misses you. Something hits you.
* * * LOW HITPOINT WARNING * * *
Something shocks you.
* * * LOW HITPOINT WARNING * * *
You finish channeling your searing ray.
The adder skeleton completely misses you.
Something hits you.
* * * LOW HITPOINT WARNING * * *
Something shocks you.
You die...

.....#####..# #.##
##.#........#########...#
.#.#......####..##......#
##....!<.#####..........##
!............#...........##
...........................#
.........................###
............##...{......##
.....#......#...@........#
#....>##.#.......Z......##
#..#.#####..............#
...#... #.............##
..##...# ............)..#
.## .. ................ ..#
.......#.##..... .## .......
.. #... ...


You could see an adder skeleton.

Vanquished Creatures
  2 ogres (D:5)
  A howler monkey (D:4)
  2 crimson imps
  2 hounds (D:5)
  An orc priest (D:3)
  Natasha (thrice) (D:2)
  2 worker ants (D:4)
  Robin (D:3)
  9 adders
  3 gnolls (D:2)
  An adder skeleton (D:4)
  7 worms
  2 dart slugs
  2 leopard geckos
  12 orcs
  A ball python (D:2)
  6 bats
  2 giant cockroaches
  13 hobgoblins
  11 jackals
  2 quokkas
  5 frilled lizards
  16 goblins
  A jackal skeleton (D:4)
  7 kobolds
  4 rats
118 creatures vanquished.

Notes
Turn   | Place    | Note
-------+----------+-------------------------------------------
     0 | D:1      | Eurus the Mummy Conjurer began the quest for the Orb.
     0 | D:1      | Reached XP level 1. HP: 13/13 MP: 4/4
   581 | D:1      | Reached skill level 3 in Spellcasting
   743 | D:1      | Reached XP level 2. HP: 15/19 MP: 0/6
   755 | D:1      | Learned a level 2 spell: Searing Ray
  1602 | D:2      | Reached XP level 3. HP: 24/24 MP: 2/7
  1701 | D:2      | Found a snail-covered altar of Cheibriados.
  1756 | D:2      | Noticed Natasha
  1765 | D:2      | Killed Natasha
  1765 | D:2      | Reached XP level 4. HP: 30/30 MP: 1/9
  2050 | D:2      | Reached skill level 4 in Spellcasting
  2210 | D:2      | HP: 1/30 [gnoll/+0 halberd (6)]
  2850 | D:2      | Noticed Natasha
  2855 | D:2      | Killed Natasha
  2855 | D:2      | Reached XP level 5. HP: 26/35 MP: 5/11
  2884 | D:2      | Noticed Natasha
  2889 | D:2      | Killed Natasha
  4500 | D:3      | Noticed Robin
  4513 | D:3      | Killed Robin
  4513 | D:3      | Reached XP level 6. HP: 34/42 MP: 8/13
  4516 | D:3      | Reached skill level 1 in Fighting
  4529 | D:3      | Reached skill level 5 in Spellcasting
  6300 | D:5      | Entered Level 5 of the Dungeon
  6300 | D:5      | Noticed a sky beast
  6323 | D:5      | Found a basalt altar of Yredelemnul.
  6487 | D:4      | Reached XP level 7. HP: 43/51 MP: 9/15
  6686 | D:5      | Reached skill level 6 in Spellcasting
  6686 | D:5      | Reached skill level 5 in Conjurations
  6898 | D:5      | Found a staircase to the Ecumenical Temple.
  6910 | D:5      | Reached skill level 1 in Staves
  6919 | Temple   | Entered the Ecumenical Temple
  7051 | Temple   | Became a worshipper of Ashenzari the Shackled
  7082 | D:5      | Slain by a sky beast

Levels and vault maps discovered:
D:1:      dpeg_arrival_boxes_within_box, layout_loops_ring
D:2:      layout_basic, cheibriados_altar_1, uniq_natasha
D:3:      layout_basic, chequers_arboretum, uniq_robin
D:4:      layout_loops_ring, first_ration
D:5:      layout_cave_pools, minmay_temple_entry_butterflies,
          yredelemnul_altar_generic
Temple:   regret_index_temple_sphere_string

Skill      XL: |  1  2  3  4  5  6  7 |
---------------+----------------------+-----
Spellcasting   | 3 4 5 6 |  6.2
Dodging        | 2 3 |  3.1
Conjurations   | 4 5 |  5.1
Fighting       | 2 3 |  3.1
Staves         | 1 |  1.0
Stealth        | |  1.5

Action                   |  1- 3 |  4- 6 |  7- 9 || total
-------------------------+-------+-------+-------++-------
Melee: Dagger            |    17 |     7 |       ||    24
       Short sword       |       |    65 |    10 ||    75
 Cast: Magic Dart        |    44 |   106 |     9 ||   159
       Searing Ray       |     4 |    27 |     8 ||    39
 Stab: Sleeping          |     1 |     5 |       ||     6
Armor: Robe              |     8 |    11 |     4 ||    23
Dodge: Dodged            |    17 |    62 |    18 ||    97

Table legend:
 A = Non-vault XP
 B = Vault XP
 C = Vault XP percentage of total XP
 D = Non-vault monster count
 E = Vault monster count
 F = Vault count percentage of total count
                 A         B        C        D         E       F
            +---------+---------+-------+---------+---------+-------
      Total |    1008 |      70 |   6.5 |     106 |      12 |  10.2
            +---------+---------+-------+---------+---------+-------
        D:1 |      23 |       0 |   0.0 |      12 |       0 |   0.0
        D:2 |     218 |      36 |  14.2 |      35 |       1 |   2.8
        D:3 |     149 |      34 |  18.6 |      32 |      11 |  25.6
        D:4 |     212 |       0 |   0.0 |      16 |       0 |   0.0
        D:5 |     406 |       0 |   0.0 |      11 |       0 |   0.0
            +---------+---------+-------+---------+---------+-------
